Map: Orbital Shipyard

Players

LilDicky - Winner!

  • Race: Terran Terran
  • League: Diamond

null

  • Race: Terran Terran
  • League: Diamond

VOD

http://www.twitch.tv/tumescentpie

Description

Time

  • Played on: Dec. 25, 2015, 7:33 p.m.
  • Length: 7:55
Show
View Real Time Build Order
Export as new Build Order

LilDicky Terran - Winner!

Build Orders: Banshee Rush 

Get SALT Encoding   

  12  0:02  SCV  
  13  0:14  SCV  
  14  0:24  Supply Depot  
  14  0:26  SCV  
  15  0:33  Refinery  
  15  0:46  SCV  
  16  0:54  Barracks  
  16  0:58  SCV  
  17  1:10  SCV  
  18  1:24  SCV  
  19  1:39  Command Center  
  19  1:45  Orbital Command  
  19  1:49  Marine  
  20  2:02  Factory  
  20  2:12  Marine  
  20  2:14  SCV  
  21  2:22  Supply Depot  
  21  2:27  SCV  
  22  2:31  Marine  
  23  2:44  SCV  
  24  2:49  Factory Tech Lab  
  24  2:50  Starport  
  24  2:53  Marine  
  24  2:55  Orbital Command  
  26  2:58  SCV  
  26  3:10  SCV  
  27  3:16  Refinery  
  27  3:22  SCV, Refinery  
  27  3:24  SCV  
  29  3:33  Cloaking Field  
  29  3:34  SCV  
  29  3:37  Banshee  
  29  3:38  Marine  
  29  3:39  SCV  
  35  3:45  Factory Tech Lab  
  35  3:46  SCV  
  36  3:50  Barracks  
  36  3:51  SCV  
  37  3:55  Marine  
  37  3:59  SCV  
  39  4:03  SCV  
  39  4:05  Siege Tank  
  43  4:10  Engineering Bay  
  43  4:11  SCV  
  43  4:13  Marine  
  43  4:15  SCV  
  46  4:29  Banshee, SCV x2  
  51  4:31  Supply Depot, Marine  
  51  4:32  Supply Depot  
  52  4:39  Missile Turret  
  52  4:46  Barracks Reactor  
  52  4:47  Supply Depot  
  52  4:51  Supply Depot  
  52  4:53  Siege Tank  
  52  4:59  Missile Turret  
  55  5:19  Marine  
  56  5:25  Siege Tank  
  56  5:26  SCV x2, Missile Turret  
  56  5:27  Missile Turret  
  58  5:38  SCV  
  59  5:55  Command Center  
  59  5:57  Siege Tank  
  62  6:10  Marine x3  
  57  6:37  Marine x2  
  57  6:38  Banshee, Siege Tank  
  62  6:42  SCV x2  
  62  6:45  Refinery, Starport  
  64  6:53  Missile Turret  
  64  6:54  SCV x2  
  65  7:06  SCV x2  
  61  7:16  Missile Turret, Marine x3  
Show
View Real Time Build Order
Export as new Build Order

null Terran 

Build Orders:  

Get SALT Encoding   

  12  0:00  SCV  
  13  0:13  SCV  
  14  0:17  Supply Depot  
  14  0:25  SCV  
  15  0:39  SCV  
  15  0:40  Refinery  
  16  0:46  Barracks  
  16  0:51  SCV  
  17  1:03  SCV  
  18  1:15  SCV  
  19  1:27  SCV  
  20  1:33  Marine  
  21  1:45  Command Center  
  21  1:48  Orbital Command  
  21  1:52  Marine  
  22  2:03  Factory  
  22  2:12  Marine  
  23  2:16  Bunker  
  23  2:27  Supply Depot  
  23  2:40  Refinery  
  23  2:49  Factory Tech Lab, SCV, Marine  
  23  2:51  Starport  
  25  2:57  Orbital Command  
  25  3:01  SCV  
  26  3:07  Marine  
  27  3:14  SCV  
  27  3:15  Siege Tank  
  31  3:25  Marine  
  31  3:26  SCV  
  33  3:30  Viking  
  35  3:38  SCV  
  35  3:39  SCV  
  37  3:53  Command Center  
  37  3:56  SCV x2  
  37  3:58  Marine  
  40  4:03  Siege Tank  
  40  4:06  Starport Reactor  
  43  4:11  SCV  
  44  4:17  SCV  
  44  4:18  Engineering Bay  
  44  4:23  SCV  
  46  4:26  Refinery  
  46  4:29  Refinery  
  46  4:39  Supply Depot  
  46  4:43  Supply Depot  
  46  4:48  SCV x2, Missile Turret  
  48  4:54  Missile Turret  
  48  5:00  SCV x2, Missile Turret  
  48  5:12  SCV  
  48  5:14  SCV  
  46  5:24  SCV, Siege Tank  
  46  5:26  SCV  
  47  5:36  SCV, Viking  
  47  5:39  SCV  
  51  5:43  Armory  
  51  5:48  SCV  
  51  5:49  Missile Turret  
  51  5:53  SCV  
  51  5:54  Orbital Command  
  52  6:01  SCV  
  53  6:05  SCV  
  54  6:13  Missile Turret  
  54  6:14  SCV  
  54  6:17  SCV  
  56  6:22  Siege Tank  
  56  6:25  SCV  
  60  6:27  Orbital Command  
  60  6:34  SCV  
  60  6:36  SCV  
  62  6:45  Armory  
  62  6:46  SCV  
  63  6:48  SCV  
  63  6:51  Missile Turret  
  64  6:54  Refinery  
  64  6:56  Factory  
  54  7:18  SCV, Siege Tank  
  58  7:28  SCV  
  56  7:36  SCV  
  49  7:39  Factory Tech Lab  
  49  7:41  SCV  
Tags
 
Add a new tag
Caveats
  • Supply blocks, unpowered buildings, or Contaminate may cause inaccurate times.
  • Supply counts are checked every 10 seconds.